 Dungeon Crawl Stone Soup version 0.28-a0-313-gbc0475efdd (webtiles) character file.

Game seed: 5237476889876347277

88 frimble the Chiller (level 4, -2/32 HPs)
             Began as a Gnoll Ice Elementalist on Aug 31, 2021.
             Killed by an exploding hound (32 damage)
             ... ignited by their inner flame
             ... on level 6 of the Dungeon.
             The game lasted 00:05:29 (3346 turns).

frimble the Chiller (Gnoll Ice Elementalist)        Turns: 3346, Time: 00:05:30

Health: -2/32      AC:  2    Str:  8    XL:     4   Next: 54%
Magic:  10/11      EV: 13    Int: 15    God:
Gold:   27         SH:  0    Dex: 12    Spells: 6/13 levels left

rFire   . . .      SeeInvis .   c - +1 short sword
rCold   . . .      Faith    .   (no shield)
rNeg    . . .      Spirit   .   a - +0 robe
rPois   .          Reflect  .   (no helmet)
rElec   .          Harm     .   (no cloak)
rCorr   .          Rampage  .   (no gloves)
Will    .....                   (no boots)
Stlth   ++........              (no amulet)
HPRegen 0.10/turn               (no ring)
MPRegen 0.12/turn               (no ring)

@: no status effects
A: fangs 1, strong nose, distributed training
a: no special abilities


You were on level 6 of the Dungeon.
You visited 1 branch of the dungeon, and saw 4 of its levels.

You collected 75 gold pieces.
You spent 48 gold pieces at shops.

Inventory:

Hand Weapons
 b - a +0 hunting sling
 c - a +1 short sword (weapon)
Armour
 a - a +0 robe (worn)
Jewellery
 g - a ring of protection from cold
Scrolls
 e - a scroll of brand weapon
 f - 2 scrolls of immolation
Potions
 h - a potion of might


   Skills:
 + Level 1.2 Fighting
 + Level 1.2 Short Blades
 + Level 1.2 Long Blades
 + Level 1.2 Axes
 + Level 1.2 Maces & Flails
 + Level 1.2 Polearms
 + Level 1.2 Staves
 + Level 1.2 Slings
 + Level 1.2 Bows
 + Level 1.2 Crossbows
 + Level 1.2 Throwing
 + Level 1.2 Armour
 + Level 4.6 Dodging
 + Level 4.3 Stealth
 + Level 1.2 Shields
 + Level 1.2 Unarmed Combat
 + Level 5.1 Spellcasting
 + Level 1.0 Conjurations
 + Level 1.0 Hexes
 + Level 1.0 Summonings
 + Level 1.0 Necromancy
 + Level 1.0 Translocations
 + Level 1.0 Transmutations
 + Level 1.0 Fire Magic
 + Level 7.1 Ice Magic
 + Level 1.0 Air Magic
 + Level 1.0 Earth Magic
 + Level 1.0 Poison Magic
 + Level 1.3 Invocations
 + Level 1.2 Evocations


You had 6 spell levels left.
You knew the following spells:

 Your Spells              Type           Power      Damage    Failure   Level
a - Freeze                Ice            100%       1d11      1%          1
b - Frozen Ramparts       Ice            50%        1d7       2%          3
c - Ozocubu's Armour      Ice            25%        N/A       2%          3

Your spell library contained the following spells:

 Spells                   Type           Power      Damage    Failure   Level
 Hailstorm                Conj/Ice       16%        3d6       30%         4


Dungeon Overview and Level Annotations

Branches:
Dungeon (3/15)

Altars:

Shops:
D:2 (:*[?

Annotations:
D:3 Sigmund


Innate Abilities, Weirdness & Mutations

You have very sharp teeth.
Your uncanny sense of smell can sniff out nearby items.
Your experience applies equally to all skills.


Message History

There is an entrance to an ossuary on this level.
Hurry and find it before the portal is buried!
A water moccasin, 2 hounds and a zombie come into view.
The hound barks!
Found a scroll of identify.
Found an escape hatch in the ceiling.
Unknown command.
Unknown command.
The water moccasin hisses angrily.
A jelly comes into view.
The hound closely misses you.
Casting: Freeze (safe; 1% risk of failure)
Confirm with . or Enter, or press ? or * to list all spells.
Okay, then.
Unknown command.
Okay, then.
As you read the scroll of identify, it crumbles to dust.
h - a potion of might The hound barely misses you.
The hound bites you but does no damage.
Casting: Freeze (safe; 1% risk of failure)
Confirm with . or Enter, or press ? or * to list all spells.
Okay, then.
Unknown command.
Really read the scroll of immolation?
As you read the scroll of immolation, it crumbles to dust.
The creatures around you are filled with an inner flame!
The jelly quivers.
The hound closely misses you.
Casting: Freeze (safe; 1% risk of failure)
Confirm with . or Enter, or press ? or * to list all spells.
Aiming: Freeze (safe; 1% risk of failure)
Press: ? - help, Shift-Dir - straight line, f - hound
Aim: a hound (inner flame)
You freeze the hound.
Flame seeps out of the hound.
The hound is lightly wounded.
The hound is engulfed in blazing flames.
Flame seeps out of the hound.
The hound bites you.
The hound is engulfed in blazing flames.
The hound explodes!
The fiery explosion engulfs you!!
Ouch! That really hurt!
You die...

###∆ .. .. .# .##
.# ..### ..# .#
#.....###§##.#####
#..@○S........
#####h........
#.........<
#...Z......
#?.........
##....J...Z
##...##... ####.
.. .# #


You could see a water moccasin (inner flame), a hound (inner flame), a jelly
(inner flame) and a centaur warrior zombie (inner flame).

Vanquished Creatures
  A hound (D:6)
  A hound skeleton (D:2)
  2 adders (D:2)
  A worm (D:2)
  6 ball pythons
  6 bats
  7 endoplasms
  2 giant cockroaches (D:1)
  4 goblins
  4 hobgoblins
  2 jackals (D:1)
  5 quokkas
  2 frilled lizards (D:2)
  5 kobolds
  4 rats
52 creatures vanquished.

Notes
Turn   | Place    | Note
-------+----------+-------------------------------------------
     0 | D:1      | frimble the Gnoll Ice Elementalist began the quest for the
                  | Orb.
     0 | D:1      | Reached XP level 1. HP: 13/13 MP: 6/6
   205 | D:1      | Found a faded altar of an unknown god.
   243 | D:1      | Reached XP level 2. HP: 15/19 MP: 3/7
   359 | D:2      | Found Baas's Assorted Antiques.
   431 | D:2      | Found Ligeg's Book Shoppe.
  1046 | D:2      | Reached XP level 3. HP: 24/25 MP: 7/9
  1110 | D:2      | Found Jihelar's Weapon Boutique.
  1147 | D:1      | Reached skill level 5 in Spellcasting
  1801 | D:2      | Bought a scroll labelled DIEJOO KYUSM for 24 gold pieces
  1860 | D:2      | Reached skill level 1 in Invocations
  1916 | D:2      | Found Zeudgheuf's Antique Armour Shoppe.
  2147 | D:2      | Bought a scroll labelled HYXOEXK ITHAU for 24 gold pieces
  2218 | D:2      | Reached skill level 1 in Fighting
  2218 | D:2      | Reached skill level 1 in Short Blades
  2218 | D:2      | Reached skill level 1 in Long Blades
  2218 | D:2      | Reached skill level 1 in Axes
  2218 | D:2      | Reached skill level 1 in Maces & Flails
  2218 | D:2      | Reached skill level 1 in Polearms
  2218 | D:2      | Reached skill level 1 in Staves
  2218 | D:2      | Reached skill level 1 in Slings
  2218 | D:2      | Reached skill level 1 in Bows
  2218 | D:2      | Reached skill level 1 in Crossbows
  2218 | D:2      | Reached skill level 1 in Throwing
  2218 | D:2      | Reached skill level 1 in Armour
  2218 | D:2      | Reached skill level 1 in Shields
  2218 | D:2      | Reached skill level 1 in Unarmed Combat
  2218 | D:2      | Reached skill level 1 in Evocations
  2362 | D:2      | Reached XP level 4. HP: 20/32 MP: 6/11
  2366 | D:2      | Learned a level 3 spell: Frozen Ramparts
  2370 | D:2      | Learned a level 3 spell: Ozocubu's Armour
  3133 | D:2      | Found Uptut Uzion's Magic Scroll Shoppe.
  3270 | D:3      | Reached skill level 1 in Conjurations
  3270 | D:3      | Reached skill level 1 in Hexes
  3270 | D:3      | Reached skill level 1 in Summonings
  3270 | D:3      | Reached skill level 1 in Necromancy
  3270 | D:3      | Reached skill level 1 in Translocations
  3270 | D:3      | Reached skill level 1 in Transmutations
  3270 | D:3      | Reached skill level 1 in Fire Magic
  3270 | D:3      | Reached skill level 1 in Air Magic
  3270 | D:3      | Reached skill level 1 in Earth Magic
  3270 | D:3      | Reached skill level 1 in Poison Magic
  3295 | D:3      | Noticed Sigmund
  3339 | D:3      | You fall into a shaft and drop 3 floors!
  3339 | D:6      | Noticed a water moccasin
  3339 | D:6      | Noticed a centaur warrior zombie
  3346 | D:6      | Killed by an exploding hound... ignited by their inner
                  | flame

Illustrated notes

Levels and vault maps discovered:
D:1:      ncdulo_watergridlock, layout_basic, shapermc_ecumenical_altar_venn,
          chequers_garden
D:2:      minmay_skewed_foursquare, layout_loops_corners, serial_shops,
          nicolae_shop_behind_doors, shop, nicolae_shop_crystal,
          nicolae_shop_window_shopping, shop, serial_co_window_serial,
          co_window_of_opportunity_a, co_window_of_opportunity_a,
          co_window_paths_a, co_window_corner_a, co_window_paths_a,
          co_window_paths_a, co_window_of_opportunity_c, co_window_2corner,
          co_window_broadway_b, glass_columns_b, minmay_statues_item,
          minmay_pentomino_r2
D:3:      minmay_door_path, layout_rooms, mainiacjoe_overflow_chevrons,
          uniq_jessica, uniq_robin, uniq_sigmund
D:6:      minmay_spotlight, layout_rooms, nicolae_overflow_hidden_temple,
          nicolae_ossuary_entry_giza

Skill      XL: |  1  2  3  4 |
---------------+-------------+-----
Spellcasting   | 5 |  5.1
Invocations    | 1 |  1.3
Fighting       | 1 |  1.2
Short Blades   | 1 |  1.2
Long Blades    | 1 |  1.2
Axes           | 1 |  1.2
Maces & Flails | 1 |  1.2
Polearms       | 1 |  1.2
Staves         | 1 |  1.2
Slings         | 1 |  1.2
Bows           | 1 |  1.2
Crossbows      | 1 |  1.2
Throwing       | 1 |  1.2
Armour         | 1 |  1.2
Shields        | 1 |  1.2
Unarmed Combat | 1 |  1.2
Evocations     | 1 |  1.2
Conjurations   | 1 |  1.0
Hexes          | 1 |  1.0
Summonings     | 1 |  1.0
Necromancy     | 1 |  1.0
Translocations | 1 |  1.0
Transmutations | 1 |  1.0
Fire Magic     | 1 |  1.0
Air Magic      | 1 |  1.0
Earth Magic    | 1 |  1.0
Poison Magic   | 1 |  1.0
Dodging        | |  4.6
Stealth        | |  4.3
Ice Magic      | |  7.1

Action                   |  1- 3 |  4- 6 || total
-------------------------+-------+-------++-------
Melee: Unarmed           |     8 |       ||     8
       Short sword       |    49 |    24 ||    73
       Bite              |     3 |     2 ||     5
       Punch             |     1 |       ||     1
 Cast: Freeze            |    38 |    11 ||    49
  Use: Scroll            |     5 |     2 ||     7
 Stab: Sleeping          |     5 |       ||     5
       Distracted        |     2 |       ||     2
Armor: Robe              |    12 |    11 ||    23
Dodge: Dodged            |    46 |    33 ||    79

Table legend: (Time is in decaauts)
 A = Elapsed time spent in this place.
 B = Non-inter-level travel time spent in this place.
 C = Inter-level travel time spent in this place.
 D = Time resting spent in this place.
 E = Time spent auto-exploring this place.
 F = Levels seen in this place.
 G = Mean time per level.
                   A        B        C        D        E       F      G
               +--------+--------+--------+--------+--------+-----+--------+
         Total |   3352 |   3247 |    105 |    316 |   2359 |   4 |  838.0 |
       Dungeon |   3352 |   3247 |    105 |    316 |   2359 |   4 |  838.0 |
               +--------+--------+--------+--------+--------+-----+--------+

Top non-repeatable levels by time:
     D:2: 2260 daAuts
     D:1: 1009 daAuts
     D:3: 76 daAuts
     D:6: 6 daAuts
